SA
CHICAGO TULA @ LOUISIANA DRAGOONS
08/08/2026
 
TOP OF THE 1ST
Chicago Tula batting - Pitching for Louisiana Dragoons : RHP António Andrade
Pitching: RHP António Andrade
Batting: RHB Micheal Lovell 0-0: Called Strike
0-1: Ball
1-1: Foul Ball, location: 2F
1-2: Ball
2-2: Ground out 5-3 (Groundball, 56S)
Batting: RHB José Palácios 0-0: Called Strike
0-1: Ball
1-1: Foul Ball, location: 2F
1-2: Fly out, F8 (Flyball, 8LS)
Batting: LHB Dana Waldrip 0-0: Called Strike
0-1: Ball
1-1: Foul Ball, location: 2F
1-2: Strikes out looking
Top of the 1st over - 0 run(s), 0 hit(s), 0 error(s), 0 left on base; Chicago 0 - Louisiana 0
BOTTOM OF THE 1ST
Louisiana Dragoons batting - Pitching for Chicago Tula : LHP Javier Romero
Pitching: LHP Javier Romero
Batting: RHB Giuseppe Provolone 0-0: Ball
1-0: Ball
2-0: DOUBLE (Line Drive, 78D)
Batting: RHB Emmanuele Lucchetti 0-0: Called Strike
0-1: Foul Ball, location: 2F
0-2: Ball
1-2: Foul Ball, location: 2F
1-2: Ball
2-2: Foul Ball, location: 2F
2-2: Strikes out swinging
Batting: RHB Armond Merlin 0-0: Ball
1-0: Swinging Strike
1-1: Ball
2-1: Called Strike
2-2: Ball
3-2: Strikes out swinging
Batting: RHB Scott Robertson 0-0: Ball
Wild Pitch!
Giuseppe Provolone to third
1-0: Fly out, F7 (Flyball, 78M)
Bottom of the 1st over - 0 run(s), 1 hit(s), 0 error(s), 1 left on base; Chicago 0 - Louisiana 0
TOP OF THE 2ND
Chicago Tula batting - Pitching for Louisiana Dragoons : RHP António Andrade
Batting: RHB Rubén Dubón 0-0: Called Strike
0-1: Ground out 6-3 (Groundball, 6)
Batting: SHB Eustacio Tafalla 0-0: Called Strike
0-1: Ball
1-1: Ball
2-1: Foul Ball, location: 2F
2-2: Strikes out swinging
Batting: RHB Arturo Scantlebury 0-0: Ball
1-0: Ball
2-0: Swinging Strike
2-1: Ball
3-1: Foul Ball, location: 2F
3-2: Strikes out swinging
Top of the 2nd over - 0 run(s), 0 hit(s), 0 error(s), 0 left on base; Chicago 0 - Louisiana 0
BOTTOM OF THE 2ND
Louisiana Dragoons batting - Pitching for Chicago Tula : LHP Javier Romero
Batting: LHB Guillermo Arellano 0-0: Ball
1-0: Ball
2-0: Called Strike
2-1: Ball
3-1: Foul Ball, location: 2F
3-2: Fly out, F4 (Line Drive, 4)
Batting: RHB Domingo Colón 0-0: Ball
1-0: Ground out 6-3 (Groundball, 6)
Batting: SHB Eduardo Pampin 0-0: Foul Ball, location: 2F
0-1: Ball
1-1: SINGLE (Line Drive, 56D)
Batting: RHB Harry Gibson 0-0: Foul Ball, location: 2F
0-1: Ball
1-1: Foul Ball, location: 2F
1-2: Ball
2-2: Strikes out swinging
Bottom of the 2nd over - 0 run(s), 1 hit(s), 0 error(s), 1 left on base; Chicago 0 - Louisiana 0
TOP OF THE 3RD
Chicago Tula batting - Pitching for Louisiana Dragoons : RHP António Andrade
Batting: SHB Holden Nolan 0-0: Ball
1-0: Called Strike
1-1: SINGLE (Line Drive, 6MD)
Batting: RHB Zahid Kashani 0-0: Ball
1-0: Ball
2-0: Swinging Strike
2-1: Foul Ball, location: 2F
2-2: Ground out 6-3 (Groundball, 6S)
Holden Nolan to second
Batting: RHB Howard Ickes 0-0: Called Strike
0-1: Ground out 4-3 (Groundball, 4)
Holden Nolan to third
Batting: RHB Micheal Lovell 0-0: Called Strike
0-1: Ball
1-1: DOUBLE (Line Drive, 9)
Holden Nolan scores
Batting: RHB José Palácios 0-0: Ball
1-0: Ball
2-0: Called Strike
2-1: Ball
3-1: Foul Ball, location: 2F
3-2: Foul Ball, location: 2F
3-2: Foul Ball, location: 2F
3-2: Ground out 1-3 (Groundball, 13)
Top of the 3rd over - 1 run(s), 2 hit(s), 0 error(s), 1 left on base; Chicago 1 - Louisiana 0
BOTTOM OF THE 3RD
Louisiana Dragoons batting - Pitching for Chicago Tula : LHP Javier Romero
Batting: RHB Armando Carmona 0-0: Called Strike
0-1: Ball
1-1: Ball
2-1: Called Strike
2-2: Ground out 5-3 (Groundball, 5)
Batting: RHB Giuseppe Provolone 0-0: Called Strike
0-1: Fly out, F7 (Flyball, 7)
Batting: RHB Emmanuele Lucchetti 0-0: Ball
1-0: Called Strike
1-1: Ball
2-1: Called Strike
2-2: Ball
3-2: Ground out 6-3 (Groundball, 6)
Bottom of the 3rd over - 0 run(s), 0 hit(s), 0 error(s), 0 left on base; Chicago 1 - Louisiana 0
TOP OF THE 4TH
Chicago Tula batting - Pitching for Louisiana Dragoons : RHP António Andrade
Batting: LHB Dana Waldrip 0-0: Called Strike
0-1: Called Strike
0-2: DOUBLE (Line Drive, 9LM)
Batting: RHB Rubén Dubón 0-0: Ball
1-0: Ball
2-0: Swinging Strike
2-1: Foul Ball, location: 2F
2-2: Strikes out looking
Batting: SHB Eustacio Tafalla 0-0: Ball
1-0: Fly out, F7 (Flyball, 78M)
Batting: RHB Arturo Scantlebury 0-0: Foul Ball, location: 2F
0-1: Ball
1-1: Foul Ball, location: 2F
1-2: Strikes out swinging
Top of the 4th over - 0 run(s), 1 hit(s), 0 error(s), 1 left on base; Chicago 1 - Louisiana 0
BOTTOM OF THE 4TH
Louisiana Dragoons batting - Pitching for Chicago Tula : LHP Javier Romero
Batting: RHB Armond Merlin 0-0: Ball
1-0: Foul Ball, location: 2F
1-1: Ball
2-1: DOUBLE (Flyball, 78D)
Batting: RHB Scott Robertson 0-0: Foul Ball, location: 2F
0-1: Ball
1-1: Foul Ball, location: 2F
1-2: Ball
2-2: Foul Ball, location: 2F
2-2: Fly out, F8 (Flyball, 8RD)
Runner from 2nd tags up, SAFE at 3rd, no throw
Batting: LHB Guillermo Arellano 0-0: Ball
1-0: Foul Ball, location: 2F
1-1: Foul Ball, location: 2F
1-2: Ball
2-2: Foul Ball, location: 2F
2-2: Foul Ball, location: 2F
2-2: Fly out, F8 (Line Drive, 8LM)
Runner from 3rd tags up, SCORES, throw made
Batting: RHB Domingo Colón 0-0: Called Strike
0-1: Fly out, F9 (Flyball, 89M)
Bottom of the 4th over - 1 run(s), 1 hit(s), 0 error(s), 0 left on base; Chicago 1 - Louisiana 1
TOP OF THE 5TH
Chicago Tula batting - Pitching for Louisiana Dragoons : RHP António Andrade
Batting: SHB Holden Nolan 0-0: Fly out, F8 (Flyball, 8LD)
Batting: RHB Zahid Kashani 0-0: Foul Ball, location: 2F
0-1: Called Strike
0-2: Strikes out looking
Batting: RHB Howard Ickes 0-0: Ball
1-0: Ball
2-0: Ball
3-0: Called Strike
3-1: Foul Ball, location: 2F
3-2: Ground out 6-3 (Groundball, 6)
Top of the 5th over - 0 run(s), 0 hit(s), 0 error(s), 0 left on base; Chicago 1 - Louisiana 1
BOTTOM OF THE 5TH
Louisiana Dragoons batting - Pitching for Chicago Tula : LHP Javier Romero
Batting: SHB Eduardo Pampin 0-0: Fly out, F8 (Line Drive, 8RM)
Batting: RHB Harry Gibson 0-0: Called Strike
0-1: Ball
1-1: Called Strike
1-2: Ground out 6-3 (Groundball, 6)
Batting: RHB Armando Carmona 0-0: Ball
1-0: Ball
2-0: Ball
3-0: Base on Balls
Batting: RHB Giuseppe Provolone 0-0: Fielders Choice at 2nd, 5-4 (Groundball, 5L)
Bottom of the 5th over - 0 run(s), 0 hit(s), 0 error(s), 0 left on base; Chicago 1 - Louisiana 1
TOP OF THE 6TH
Chicago Tula batting - Pitching for Louisiana Dragoons : RHP António Andrade
Batting: RHB Micheal Lovell 0-0: Fly out, F6 (Flyball, 6D)
Batting: RHB José Palácios 0-0: Ball
1-0: Foul Ball, location: 2F
1-1: Called Strike
1-2: SINGLE (Groundball, 56D)
Batting: LHB Dana Waldrip 0-0: Ball
1-0: Foul Ball, location: 2F
1-1: Foul Ball, location: 2F
1-2: Hit by Pitch
José Palácios to second
Batting: RHB Rubén Dubón 0-0: Ball
1-0: Ball
2-0: Foul Ball, location: 2F
2-1: Ball
3-1: Foul Ball, location: 2F
3-2: Base on Balls
José Palácios to third
Dana Waldrip to second
Batting: SHB Eustacio Tafalla 0-0: Called Strike
0-1: Ball
1-1: SINGLE (Groundball, 6MD)
José Palácios scores
Dana Waldrip to third
Rubén Dubón to second
Runner from 3rd tries for Home, SAFE, no throw
Batting: RHB Arturo Scantlebury 0-0: Ball
1-0: Foul Ball, location: 2F
1-1: Ground out U3 (Groundball, 34S)
Rubén Dubón to third
Eustacio Tafalla to second
Pitching: RHP Alfredo Velásquez
Batting: SHB Holden Nolan 0-0: Ball
1-0: SINGLE (Groundball, 34D)
Rubén Dubón scores
Eustacio Tafalla to third
Throwing error, E9
Eustacio Tafalla scores
Holden Nolan to second
Batting: RHB Zahid Kashani 0-0: Foul Ball, location: 2F
0-1: Foul Ball, location: 2F
0-2: Foul Ball, location: 2F
0-2: Ball
1-2: Ball
Wild Pitch!
Holden Nolan to third
2-2: Fly out, F5 (Popup, 5)
Top of the 6th over - 4 run(s), 3 hit(s), 1 error(s), 1 left on base; Chicago 5 - Louisiana 1
BOTTOM OF THE 6TH
Louisiana Dragoons batting - Pitching for Chicago Tula : LHP Javier Romero
Batting: RHB Emmanuele Lucchetti 0-0: Ball
1-0: Foul Ball, location: 2F
1-1: SINGLE (Line Drive, 4D)
Batting: RHB Armond Merlin 0-0: Ball
1-0: Ball
2-0: Called Strike
2-1: Foul Ball, location: 2F
2-2: Ball
3-2: Foul Ball, location: 2F
3-2: Foul Ball, location: 2F
3-2: DOUBLE (Line Drive, 78D)
Emmanuele Lucchetti to third
Batting: RHB Scott Robertson 0-0: Called Strike
0-1: TRIPLE (Flyball, 8RXD)
Emmanuele Lucchetti scores
Armond Merlin scores
Batting: LHB Guillermo Arellano 0-0: Called Strike
0-1: Fly out, F7 (Flyball, 78S)
Runner from 3rd tags up, SCORES, no throw
Batting: RHB Domingo Colón 0-0: Fly out, F5 (Line Drive, 5)
Batting: SHB Eduardo Pampin 0-0: Ball
1-0: DOUBLE (Line Drive, 9LM)
Batting: RHB Harry Gibson 0-0: Foul Ball, location: 2F
0-1: Ball
1-1: Ball
2-1: Swinging Strike
2-2: Ball
3-2: Base on Balls
Pitching: LHP Jesús López
Batting: RHB Armando Carmona 0-0: Swinging Strike
0-1: Ball
1-1: Foul Ball, location: 2F
1-2: Ball
2-2: Foul Ball, location: 2F
2-2: SINGLE (Line Drive, 89S)
Eduardo Pampin to third
Harry Gibson to second
Runner from 3rd tries for Home, SAFE, no throw
Batting: RHB Giuseppe Provolone 0-0: Swinging Strike
0-1: Called Strike
0-2: Strikes out swinging
Bottom of the 6th over - 4 run(s), 5 hit(s), 0 error(s), 2 left on base; Chicago 5 - Louisiana 5
TOP OF THE 7TH
Chicago Tula batting - Pitching for Louisiana Dragoons : RHP Alfredo Velásquez
Batting: RHB Howard Ickes 0-0: Called Strike
0-1: Foul Ball, location: 2F
0-2: Foul Ball, location: 2F
0-2: Foul Ball, location: 2F
0-2: Ball
1-2: SINGLE (Groundball, 6MD)
Batting: RHB Micheal Lovell 0-0: Bunted foul
0-1: Sac Bunt - play at first, batter OUT! 2-4
Howard Ickes to second
Pinch Hitting: RHB Juan Chávez 0-0: Called Strike
0-1: Ball
1-1: Ball
2-1: SINGLE (Line Drive, 6MD)
Howard Ickes to third
Runner from 3rd tries for Home, SAFE, no throw
Batting: LHB Dana Waldrip 0-0: Grounds into double play, 4-6-3 (Groundball, 4)
Top of the 7th over - 1 run(s), 2 hit(s), 0 error(s), 0 left on base; Chicago 6 - Louisiana 5
BOTTOM OF THE 7TH
Louisiana Dragoons batting - Pitching for Chicago Tula : LHP Jesús López
Now in CF: Dani Durán
Batting: RHB Emmanuele Lucchetti 0-0: Ground out 6-3 (Groundball, 6)
Batting: RHB Armond Merlin 0-0: Called Strike
0-1: Ball
1-1: Ball
2-1: Foul Ball, location: 2F
2-2: Foul Ball, location: 2F
2-2: Ball
3-2: Foul Ball, location: 2F
3-2: Foul Ball, location: 2F
3-2: Base on Balls
Batting: RHB Scott Robertson 0-0: Called Strike
0-1: Called Strike
0-2: Ball
1-2: Strikes out swinging
Batting: LHB Guillermo Arellano 0-0: Ball
1-0: Ball
2-0: Ball
3-0: Base on Balls
Armond Merlin to second
Pinch Hitting: RHB Jody Bennett 0-0: Called Strike
0-1: Called Strike
0-2: Foul Ball, location: 2F
0-2: Fly out, F2 (Popup, 15S)
Bottom of the 7th over - 0 run(s), 0 hit(s), 0 error(s), 2 left on base; Chicago 6 - Louisiana 5
TOP OF THE 8TH
Chicago Tula batting - Pitching for Louisiana Dragoons : RHP Alfredo Velásquez
Now at 3B: Jody Bennett
Batting: RHB Rubén Dubón 0-0: DOUBLE (Line Drive, 8LM)
Pinch Hitting: LHB Miguel Gazivoda 0-0: Intentional Walk
Pinch Hitting: RHB Apu Nahasapeemapetilon 0-0: Called Strike
0-1: Bunted foul
0-2: Ball
1-2: Ball
2-2: Foul Ball, location: 2F
2-2: Fly out, F8 (Flyball, 8RS)
Batting: SHB Holden Nolan 0-0: Ball
1-0: Ball
2-0: Ground out U3 (Groundball, 3)
Rubén Dubón to third
Miguel Gazivoda to second
Pinch Hitting: RHB Jim Unknown 0-0: Ball
Error on foul ball, E3
1-1: Foul Ball, location: 2F
1-2: Ball
2-2: DOUBLE (Line Drive, 78D)
Rubén Dubón scores
Miguel Gazivoda scores
Pitching: RHP Aaron Chapman
Batting: RHB Howard Ickes 0-0: Called Strike
0-1: SINGLE (Groundball, 6D)
Jim Unknown to third
Runner from 3rd tries for Home, SAFE, no throw
Batting: RHB Micheal Lovell 0-0: Ball
1-0: Called Strike
1-1: Foul Ball, location: 2F
1-2: Ball
2-2: Ball
3-2: SINGLE (Line Drive, 34)
Howard Ickes to second
Howard Ickes to third
Batting: RHB Dani Durán Pickoff Throw to First - Out!
Top of the 8th over - 3 run(s), 4 hit(s), 1 error(s), 0 left on base; Chicago 9 - Louisiana 5
BOTTOM OF THE 8TH
Louisiana Dragoons batting - Pitching for Chicago Tula : LHP Jesús López
Now at 1B: Miguel Gazivoda
Now at 3B: Alberto Esquivel
Now in RF: Jim Unknown
Batting: SHB Eduardo Pampin 0-0: Ball
1-0: Called Strike
1-1: Swinging Strike
1-2: Foul Ball, location: 2F
1-2: Strikes out swinging
Batting: RHB Harry Gibson 0-0: Called Strike
0-1: Ground out 5-3 (Groundball, 25)
Batting: RHB Armando Carmona 0-0: Ball
1-0: Fly out, F8 (Flyball, 8LM)
Bottom of the 8th over - 0 run(s), 0 hit(s), 0 error(s), 0 left on base; Chicago 9 - Louisiana 5
TOP OF THE 9TH
Chicago Tula batting - Pitching for Louisiana Dragoons : RHP Aaron Chapman
Batting: RHB Dani Durán 0-0: Ball
1-0: Foul Ball, location: 2F
1-1: Ball
2-1: Called Strike
2-2: Foul Ball, location: 2F
2-2: Strikes out swinging
Batting: LHB Dana Waldrip 0-0: Called Strike
0-1: Called Strike
0-2: Ball
1-2: Ball
2-2: Strikes out swinging
Batting: RHB Rubén Dubón 0-0: Ball
1-0: Foul Ball, location: 2F
1-1: Fly out, F8 (Line Drive, 8LM)
Top of the 9th over - 0 run(s), 0 hit(s), 0 error(s), 0 left on base; Chicago 9 - Louisiana 5
BOTTOM OF THE 9TH
Louisiana Dragoons batting - Pitching for Chicago Tula : LHP Jesús López
Batting: RHB Giuseppe Provolone 0-0: Ball
1-0: Swinging Strike
1-1: Ball
2-1: Ground out 1-3 (Groundball, 13S)
Batting: RHB Emmanuele Lucchetti 0-0: Ball
1-0: Ball
2-0: Ball
3-0: Called Strike
3-1: Swinging Strike
3-2: Base on Balls
Batting: RHB Armond Merlin 0-0: Fly out, F2 (Popup, 2R)
Pitching: RHP Brantford Winstworth III
Batting: RHB Scott Robertson 0-0: Swinging Strike
0-1: Fielders Choice at 2nd, U6 (Groundball, 6M)
Bottom of the 9th over - 0 run(s), 0 hit(s), 0 error(s), 1 left on base; Chicago 9 - Louisiana 5
Monday, March 20th, 2017 - OOTP Baseball 17.12 Build 75